Zazza, neutral female human Tourist ########### #-------------------------------- ----- #...............................| |...| #|...--------.......-----------.| #########+.<.| #|...|...|..|------.|..|...|..+..# -.--- ###|...|...|..|.....|.|..|...|..|.|# # #|...|...|+-|.@_..|.-|-|...|---.|# ### #|...-+---..|.....|....-+---.....# # ---------- #|..........|...%.|.............|# # |.........########-........{.----@--.{...........|# # |.......>| #|.............%GG...............# # |.........########|...--+--...........-+---|--...|# # |........| |...|...|-------.---|..|...|...|###### # |.........##### |...|...|..|...+.+..|..|...|...|# # -.-.-.--|--- ---------- |...|...|..|...|.|..|--|...|...| ##...........| |...-----+------.----..-----....# |..........| |..............................|####-..........| -------------------------------- ------------ Zazza the Sightseer Experience level: 5 Strength: 10 Dexterity: 10 Constitution: 18 Intelligence: 13 Wisdom: 8 Charisma: 17 Health: 0(50) Energy: 20(20) Def: 15 Gold: 407 Moves: 2125 Dungeon seed: Q0ZNNR2Evr9MXku4 Game ID: Zazza_1619556945 Your Inventory: Coins $ - 407 gold pieces Weapons a - 18 +2 darts D - 4 +0 daggers E - 14 +0 darts F - a +0 elven dagger (weapon in hand) G - a cursed -1 axe M - 2 +0 orcish daggers Armor e - an uncursed +0 Hawaiian shirt (being worn) t - an uncursed +0 orcish helm v - a blessed greased +2 silver dragon scale mail (being worn) w - an uncursed +0 orcish helm y - an uncursed +1 orcish helm (being worn) z - an uncursed +0 pair of speed boots (being worn) N - an uncursed +0 pair of gauntlets of dexterity (being worn) Comestibles c - 2 uncursed food rations f - 3 uncursed eggs g - 4 uncursed tripe rations o - an uncursed banana A - an uncursed lembas wafer Scrolls i - an uncursed scroll of magic mapping l - an uncursed scroll of destroy armor J - a cursed scroll of enchant weapon Spellbooks m - an uncursed spellbook of light Rings B - a cursed ring of teleportation Wands p - a cursed wand of wishing (0:0) Tools j - an expensive camera (0:43) k - an uncursed credit card n - an expensive camera (0:71) s - an uncursed stethoscope H - an uncursed brass lantern (lit) (0:951) L - a +0 pick-axe Gems q - an uncursed worthless piece of orange glass r - an uncursed amethyst stone K - 4 uncursed worthless pieces of black glass Y - an uncursed worthless piece of green glass Spells and supernatural/magical abilities: Name Level Category Fail Memory W - pray for help -- divine ? -- Your skills at the end: Fighting Skills Weapon Skills dagger [Skilled] dart [Basic] Spellcasting Skills Final Attributes: You were piously aligned. You were poison resistant. You were stunned. You were very fast. You had reflection. You were lucky. You are dead. Vanquished creatures: a gnome king a dwarf lord 2 bugbears a shrieker 2 gnome lords 2 gnomish wizards a little dog a floating eye a kitten 3 dwarves a kobold shaman 3 hill orcs a giant bat a hobgoblin 10 gnomes a gecko 2 foxes a kobold 4 goblins 2 sewer rats 8 grid bugs a lichen 4 kobold zombies 4 newts 58 creatures vanquished. Voluntary challenges: You used a wielded weapon 116 times, starting on turn 954. You read items or engraved 7 times, starting on turn 28. You never genocided any monsters. You never polymorphed an object. You never changed form. You used 1 wish, starting on turn 900. You did not wish for any artifacts. You never split a pudding. You wrote Elbereth's name 3 times, starting on turn 220. You never violated your personal moral code. Dungeon overview: The Dungeons of Doom: levels 1 to 5 Level 1 an altar to The Lady a long staircase Level 2 a wand shop, a sink Level 3 Level 4 a fountain stairs to The Gnomish Mines Level 5 a throne The Gnomish Mines: levels 5 to 8 Level 5 stairs to The Dungeons of Doom Level 6 Level 7 Level 8 <- You were here many shops, a temple to Blind Io, some fountains History has recorded: On T:1 you entered the Dungeons of Doom to retrieve the Amulet of Yendor! On T:230 you reached level 2 of The Dungeons of Doom. On T:478 you advanced to experience level 2. On T:691 you reached level 3 of The Dungeons of Doom. On T:900 you wished for "blessed greased +2 silver dragon scale mail". On T:1084 you advanced to experience level 3. On T:1312 you reached level 4 of The Dungeons of Doom. On T:1436 you reached level 5 of The Dungeons of Doom. On T:1447 you advanced to experience level 4. On T:1605 you reached level 1 of The Gnomish Mines. On T:1709 you reached level 2 of The Gnomish Mines. On T:1908 you reached level 3 of The Gnomish Mines. On T:1984 you advanced to experience level 5. On T:2033 you reached level 4 of The Gnomish Mines. Score breakdown: Gold: 274 ( 8297 points) Experience: 5 levels (11141 points) Exploration: 8 levels ( 16.33%) (11456 points) Discoveries: 6 items ( 2.01%) ( 4256 points) Valuables value: (no points given unless you survive) Artifact value: 0 ( 0 points) Variety of kills: 24 monsters ( 6.30%) ( 7529 points) Turncount: 2125 turns ( -90 points) Survival: died (score multiplied by 80%) Total score: 34071 Latest messages: You kill the gnome! The air crackles around the gnomish wizard. The gnomish wizard casts a spell at you! You reel... You whack the wall. (2x) The gnomish wizard points at you, then curses. (2x) You attack thin air. You miss the gnomish wizard. The gnomish wizard points at you, then curses. (2x) You kill the gnome! You attack thin air. The gnomish wizard points at you, then curses. (3x) You attack thin air. The gnomish wizard points at you, then curses. (2x) You attack thin air. The gnomish wizard points at you, then curses. You whack the wall. The gnomish wizard points at you, then curses. (2x) You attack thin air. The air crackles around the gnomish wizard. The gnomish wizard casts a spell at you! Your brain is on fire! You die... Final status: Aloha Zazza the Tourist, killed by a gnomish wizard... You died in The Gnomish Mines on dungeon level 8 with 34071 points, and 407 pieces of gold, after 2125 moves. You were level 5 with a maximum of 50 hit points when you died.